[ AOE2 MATCH · #479214954 ]
Team RMMaya vs Bulgarians
[ REPLAY ANALYSIS · EXTRACTED FROM THE RECORDED GAME ]
Feudal
13:52
Castle
17:25
Imperial
—
| APM avg | 40.7 |
| APM peak | 74 |
| eAPM avg | 19.3 |
| Villagers / military | 90 / 52 |
Focus
⚔️ 35.8% · 🌾 64.2%
Plumed Archer ×40 · Petard ×12 · Fishing Ship ×8
Feudal
13:42
Castle
24:06
Imperial
—
| APM avg | 22.6 |
| APM peak | 50 |
| eAPM avg | 15.4 |
| Villagers / military | 117 / 2 |
Focus
⚔️ 28.0% · 🌾 72.0%
Unknown (2626) ×20 · Fishing Ship ×7 · Unknown (2550) ×3 · Battering Ram ×2
Feudal
14:00
Castle
17:30
Imperial
30:39
| APM avg | 32.5 |
| APM peak | 76 |
| eAPM avg | 21.2 |
| Villagers / military | 127 / 50 |
Focus
⚔️ 32.6% · 🌾 67.4%
Conquistador ×40 · Fishing Ship ×30 · Unknown (2626) ×9 · Trebuchet (Packed) ×8 · Fire Galley ×2
Feudal
12:50
Castle
18:20
Imperial
—
| APM avg | 48.3 |
| APM peak | 85 |
| eAPM avg | 24.0 |
| Villagers / military | 100 / 30 |
Focus
⚔️ 17.6% · 🌾 82.4%
Steppe Lancer ×23 · Fishing Ship ×5 · Scout Cavalry ×3 · Mangudai ×2 · Battering Ram ×2
Feudal
12:32
Castle
25:47
Imperial
—
| APM avg | 41.7 |
| APM peak | 68 |
| eAPM avg | 23.5 |
| Villagers / military | 77 / 31 |
Focus
⚔️ 36.0% · 🌾 64.0%
Fishing Ship ×13 · Spearman ×10 · Militia ×9 · Mangonel ×7 · Archer ×4 · Konnik ×1
Feudal
12:32
Castle
16:24
Imperial
—
| APM avg | 39.2 |
| APM peak | 60 |
| eAPM avg | 19.7 |
| Villagers / military | 90 / 37 |
Focus
⚔️ 27.4% · 🌾 72.6%
Fishing Ship ×28 · War Wagon ×18 · Scorpion ×12 · Battering Ram ×4 · Iron Pagoda ×2 · Petard ×1
Feudal
13:50
Castle
17:29
Imperial
32:23
| APM avg | 63.3 |
| APM peak | 109 |
| eAPM avg | 24.9 |
| Villagers / military | 48 / 50 |
Focus
⚔️ 39.7% · 🌾 60.3%
Bolas Rider ×38 · Fishing Ship ×13 · Petard ×3 · Mangonel ×3 · Fire Galley ×3 · Skirmisher ×2
Feudal
12:51
Castle
16:36
Imperial
—
| APM avg | 26.3 |
| APM peak | 42 |
| eAPM avg | 19.0 |
| Villagers / military | 83 / 5 |
Focus
⚔️ 34.0% · 🌾 66.0%
Unknown (2579) ×22 · Fishing Ship ×16 · Mangonel ×4 · Monk ×1
Match map
Initial resources + every placement click. Lines = walls · curves = elevation contours. ◆ gold · ⬟ stone · ● berries · ✦ relic · ◌ wall gap
Your base· Open — 4t gap
淫了天下濕了她's base· Open — 9t gap
FUFU's base· Open — 7t gap
pigpig_aoe's base· Open — 4t gap
默默默默默's base· Open — unwalled flank
hanson013's base· Open — 9t gap
DugTheDog's base· Open — 15t gap
甜心包's base· Open — 14t gap
Smoothed initial terrain · ◌ = detected wall gap · hover for details
Inputs per minute
— Blood - - 淫了天下濕了她
Build order — Blood
First 150 of 236 actions detected
| 0:50 | Build | Town Center |
| 1:49 | Build | Dock |
| 1:50 | Build | House |
| 2:55 | Create | Villager (Male) |
| 2:56 | Create | Villager (Male) |
| 2:56 | Create | Villager (Male) |
| 2:56 | Create | Villager (Male) |
| 4:01 | Create | Fishing Ship |
| 4:17 | Research | Loom |
| 4:17 | Research | Loom |
| 4:29 | Build | House |
| 4:47 | Build | House |
| 4:52 | Create | Villager (Male) |
| 4:52 | Create | Villager (Male) |
| 5:06 | Create | Fishing Ship |
| 5:36 | Create | Villager (Male) |
| 5:37 | Create | Villager (Male) |
| 5:37 | Create | Villager (Male) |
| 6:08 | Create | Villager (Male) |
| 6:09 | Create | Villager (Male) |
| 6:12 | Create | Fishing Ship |
| 6:34 | Create | Villager (Male) |
| 6:35 | Create | Villager (Male) |
| 6:35 | Create | Villager (Male) |
| 7:00 | Create | Villager (Male) |
| 7:03 | Build | House |
| 7:07 | Create | Fishing Ship |
| 7:18 | Create | Villager (Male) |
| 7:18 | Create | Villager (Male) |
| 7:26 | Build | Mill |
| 7:34 | Create | Villager (Male) |
| 7:34 | Create | Villager (Male) |
| 7:52 | Build | Palisade Wall |
| 7:56 | Create | Villager (Male) |
| 7:57 | Create | Villager (Male) |
| 8:06 | Build | House |
| 8:12 | Create | Fishing Ship |
| 8:12 | Create | Fishing Ship |
| 8:26 | Create | Villager (Male) |
| 8:26 | Create | Villager (Male) |
| 8:47 | Create | Fishing Ship |
| 9:10 | Create | Villager (Male) |
| 9:11 | Create | Villager (Male) |
| 9:39 | Build | House |
| 9:40 | Create | Fishing Ship |
| 9:52 | Create | Villager (Male) |
| 10:23 | Create | Villager (Male) |
| 10:25 | Build | Mining Camp |
| 10:36 | Create | Villager (Male) |
| 11:10 | Build | Mining Camp |
| 11:12 | Create | Villager (Male) |
| 11:23 | Research | Feudal Age |
| 12:57 | Create | Villager (Male) |
| 12:57 | Create | Villager (Male) |
| 13:23 | Build | Palisade Wall |
| 13:52 | Age | Feudal Age |
| 14:00 | Build | Blacksmith |
| 14:09 | Build | Market |
| 14:35 | Build | House |
| 14:45 | Research | Castle Age |
| 14:45 | Research | Castle Age |
| 15:18 | Build | Palisade Wall |
| 15:22 | Build | House |
| 16:32 | Build | Lumber Camp |
| 17:04 | Research | Horse Collar |
| 17:25 | Age | Castle Age |
| 17:36 | Build | Castle |
| 17:47 | Research | Fletching |
| 17:47 | Research | Fletching |
| 17:47 | Create | Villager (Male) |
| 17:48 | Create | Villager (Male) |
| 18:31 | Research | Bodkin Arrow |
| 18:31 | Research | Bodkin Arrow |
| 18:31 | Create | Villager (Male) |
| 18:33 | Create | Plumed Archer |
| 18:33 | Create | Plumed Archer |
| 18:33 | Create | Plumed Archer |
| 18:50 | Create | Villager (Male) |
| 18:51 | Create | Villager (Male) |
| 18:53 | Build | Farm |
| 18:56 | Build | Farm |
| 19:06 | Create | Plumed Archer |
| 19:07 | Create | Plumed Archer |
| 19:22 | Create | Plumed Archer |
| 19:22 | Create | Plumed Archer |
| 19:38 | Create | Plumed Archer |
| 19:51 | Build | Farm |
| 19:53 | Build | Farm |
| 20:03 | Create | Plumed Archer |
| 20:03 | Create | Plumed Archer |
| 20:40 | Create | Plumed Archer |
| 20:40 | Create | Plumed Archer |
| 20:42 | Create | Villager (Male) |
| 20:52 | Create | Villager (Male) |
| 20:55 | Build | Farm |
| 20:58 | Build | Farm |
| 21:10 | Create | Plumed Archer |
| 21:10 | Create | Plumed Archer |
| 21:17 | Create | Villager (Male) |
| 21:29 | Create | Plumed Archer |
| 21:40 | Create | Villager (Male) |
| 21:43 | Build | Farm |
| 21:45 | Create | Plumed Archer |
| 22:00 | Create | Villager (Male) |
| 22:03 | Create | Plumed Archer |
| 22:03 | Create | Plumed Archer |
| 22:18 | Create | Villager (Male) |
| 22:19 | Create | Plumed Archer |
| 22:28 | Create | Plumed Archer |
| 22:29 | Create | Plumed Archer |
| 22:42 | Create | Villager (Male) |
| 22:45 | Build | Farm |
| 23:01 | Build | Farm |
| 23:01 | Create | Plumed Archer |
| 23:36 | Create | Plumed Archer |
| 23:36 | Create | Plumed Archer |
| 23:42 | Research | Padded Archer Armor |
| 23:42 | Create | Villager (Male) |
| 23:43 | Create | Villager (Male) |
| 23:43 | Create | Villager (Male) |
| 23:55 | Create | Villager (Male) |
| 24:02 | Build | Farm |
| 24:03 | Build | Farm |
| 24:05 | Build | Farm |
| 24:24 | Create | Petard |
| 25:16 | Create | Petard |
| 25:16 | Create | Petard |
| 25:19 | Create | Villager (Male) |
| 25:19 | Create | Villager (Male) |
| 25:29 | Build | Town Center |
| 25:34 | Create | Villager (Male) |
| 25:46 | Create | Villager (Male) |
| 25:53 | Research | Double-Bit Axe |
| 25:59 | Create | Petard |
| 25:59 | Create | Petard |
| 26:27 | Create | Petard |
| 26:27 | Create | Petard |
| 26:29 | Create | Villager (Male) |
| 26:30 | Create | Villager (Male) |
| 26:44 | Create | Petard |
| 27:05 | Create | Villager (Male) |
| 27:05 | Create | Villager (Male) |
| 27:21 | Create | Petard |
| 27:21 | Create | Petard |
| 27:30 | Create | Villager (Male) |
| 27:31 | Create | Villager (Male) |
| 27:31 | Create | Villager (Male) |
| 27:42 | Build | House |
| 27:45 | Build | House |
| 27:46 | Build | House |
Build order — 淫了天下濕了她
First 150 of 195 actions detected
| 0:34 | Build | Town Center |
| 0:48 | Build | Dock |
| 2:21 | Build | House |
| 2:37 | Build | House |
| 2:53 | Build | House |
| 3:07 | Build | House |
| 3:13 | Create | Villager (Male) |
| 3:13 | Create | Villager (Male) |
| 3:28 | Create | Villager (Male) |
| 3:28 | Create | Villager (Male) |
| 3:42 | Create | Villager (Male) |
| 3:43 | Create | Villager (Male) |
| 4:08 | Research | Loom |
| 4:09 | Create | Villager (Male) |
| 4:09 | Create | Villager (Male) |
| 4:13 | Build | House |
| 4:26 | Create | Villager (Male) |
| 4:26 | Create | Villager (Male) |
| 4:37 | Create | Villager (Male) |
| 4:39 | Create | Fishing Ship |
| 5:12 | Build | House |
| 5:14 | Create | Villager (Male) |
| 6:15 | Create | Fishing Ship |
| 6:17 | Create | Villager (Male) |
| 6:17 | Create | Villager (Male) |
| 6:49 | Create | Fishing Ship |
| 7:05 | Create | Villager (Male) |
| 7:19 | Build | House |
| 7:22 | Create | Villager (Male) |
| 7:23 | Create | Villager (Male) |
| 7:42 | Create | Villager (Male) |
| 7:42 | Create | Villager (Male) |
| 7:56 | Create | Fishing Ship |
| 8:14 | Create | Villager (Male) |
| 8:14 | Create | Villager (Male) |
| 8:35 | Create | Villager (Male) |
| 8:36 | Create | Villager (Male) |
| 8:47 | Build | Settlement |
| 8:57 | Create | Villager (Male) |
| 8:57 | Create | Villager (Male) |
| 9:11 | Create | Villager (Male) |
| 9:11 | Create | Villager (Male) |
| 9:27 | Create | Villager (Male) |
| 9:27 | Create | Villager (Male) |
| 9:34 | Create | Fishing Ship |
| 9:44 | Build | House |
| 9:54 | Create | Villager (Male) |
| 10:13 | Create | Fishing Ship |
| 10:17 | Create | Villager (Male) |
| 10:17 | Create | Villager (Male) |
| 11:09 | Build | Dock |
| 11:32 | Research | Feudal Age |
| 11:32 | Research | Feudal Age |
| 11:52 | Build | Settlement |
| 12:07 | Create | Fishing Ship |
| 13:13 | Build | House |
| 13:19 | Build | Palisade Wall |
| 13:20 | Build | Palisade Wall |
| 13:40 | Create | Villager (Male) |
| 13:41 | Create | Villager (Male) |
| 13:42 | Age | Feudal Age |
| 13:47 | Build | Watch Tower |
| 13:54 | Create | Villager (Male) |
| 14:11 | Research | Tech 906 |
| 14:24 | Build | Palisade Wall |
| 14:25 | Build | Palisade Wall |
| 14:36 | Create | Villager (Male) |
| 15:07 | Build | Barracks |
| 15:10 | Create | Villager (Male) |
| 15:19 | Build | Palisade Gate |
| 15:25 | Build | House |
| 15:39 | Research | Tech 1402 |
| 15:41 | Create | Unit 2550 |
| 15:41 | Create | Unit 2550 |
| 15:49 | Create | Villager (Male) |
| 16:02 | Create | Villager (Male) |
| 16:13 | Create | Villager (Male) |
| 16:33 | Build | Blacksmith |
| 16:41 | Build | Blacksmith |
| 16:45 | Create | Villager (Male) |
| 16:45 | Create | Villager (Male) |
| 17:47 | Build | Settlement |
| 18:50 | Create | Villager (Male) |
| 18:51 | Create | Villager (Male) |
| 19:24 | Build | Market |
| 19:53 | Build | House |
| 20:06 | Build | Town Center |
| 20:58 | Create | Villager (Male) |
| 21:03 | Build | Market |
| 21:26 | Research | Castle Age |
| 21:27 | Research | Castle Age |
| 21:39 | Create | Unit 2550 |
| 22:52 | Build | Farm |
| 22:53 | Build | Farm |
| 22:54 | Build | Farm |
| 22:55 | Build | Farm |
| 22:56 | Build | Farm |
| 22:57 | Build | Farm |
| 23:13 | Build | Settlement |
| 24:06 | Age | Castle Age |
| 24:21 | Create | Villager (Male) |
| 24:21 | Create | Villager (Male) |
| 24:52 | Build | Town Center |
| 25:08 | Create | Villager (Male) |
| 25:08 | Create | Villager (Male) |
| 26:10 | Build | Town Center |
| 26:32 | Create | Villager (Male) |
| 26:32 | Create | Villager (Male) |
| 26:44 | Create | Villager (Male) |
| 26:47 | Create | Villager (Male) |
| 26:47 | Create | Villager (Male) |
| 26:59 | Create | Villager (Male) |
| 27:12 | Create | Villager (Male) |
| 27:36 | Build | Town Center |
| 27:42 | Research | Wheelbarrow |
| 27:48 | Create | Villager (Male) |
| 27:53 | Build | Settlement |
| 28:00 | Create | Villager (Male) |
| 28:19 | Create | Villager (Male) |
| 28:35 | Create | Villager (Male) |
| 29:05 | Create | Villager (Male) |
| 29:05 | Create | Villager (Male) |
| 29:08 | Create | Villager (Male) |
| 29:31 | Create | Villager (Male) |
| 29:38 | Create | Villager (Male) |
| 29:39 | Create | Villager (Male) |
| 29:48 | Create | Villager (Male) |
| 29:57 | Create | Villager (Male) ×3 |
| 30:05 | Create | Villager (Male) |
| 30:15 | Create | Villager (Male) ×3 |
| 30:46 | Create | Villager (Male) |
| 30:46 | Create | Villager (Male) |
| 30:51 | Create | Villager (Male) ×2 |
| 31:35 | Create | Villager (Male) ×5 |
| 31:47 | Create | Villager (Male) |
| 31:49 | Create | Villager (Male) ×5 |
| 31:52 | Create | Villager (Male) |
| 32:05 | Build | Siege Workshop |
| 32:07 | Build | House |
| 32:22 | Build | Castle |
| 32:32 | Build | Farm |
| 32:33 | Build | Farm |
| 32:34 | Build | Farm |
| 32:34 | Build | Farm |
| 32:35 | Build | Farm |
| 32:36 | Build | Farm |
| 32:38 | Create | Battering Ram |
| 32:40 | Build | House |
| 32:50 | Create | Villager (Male) ×5 |
| 33:12 | Create | Battering Ram |
Build order — FUFU
First 150 of 364 actions detected
| 0:11 | Build | Town Center |
| 0:46 | Build | Dock |
| 0:49 | Build | House |
| 0:54 | Build | Palisade Wall |
| 0:55 | Build | Palisade Wall |
| 0:58 | Build | Palisade Wall |
| 2:33 | Create | Villager (Male) |
| 2:33 | Create | Villager (Male) |
| 2:33 | Create | Villager (Male) |
| 2:34 | Create | Villager (Male) |
| 3:42 | Build | House |
| 3:50 | Create | Villager (Male) |
| 3:51 | Create | Villager (Male) |
| 3:57 | Create | Fishing Ship |
| 4:35 | Create | Villager (Male) |
| 4:36 | Create | Villager (Male) |
| 4:42 | Build | House |
| 5:04 | Create | Villager (Male) |
| 5:04 | Create | Villager (Male) |
| 5:09 | Research | Loom |
| 5:10 | Create | Villager (Male) |
| 5:36 | Create | Villager (Male) |
| 5:56 | Create | Villager (Male) |
| 6:22 | Create | Villager (Male) |
| 6:37 | Build | House |
| 6:40 | Create | Fishing Ship |
| 6:40 | Create | Villager (Male) |
| 7:10 | Create | Fishing Ship |
| 7:28 | Create | Fishing Ship |
| 7:37 | Create | Villager (Male) |
| 7:37 | Create | Villager (Male) |
| 7:46 | Build | House |
| 7:51 | Build | Dock |
| 7:53 | Create | Villager (Male) |
| 8:08 | Create | Fishing Ship |
| 8:18 | Create | Villager (Male) |
| 8:19 | Create | Villager (Male) |
| 8:32 | Create | Fishing Ship |
| 8:34 | Create | Villager (Male) |
| 8:40 | Create | Fishing Ship |
| 8:44 | Build | House |
| 9:03 | Create | Fishing Ship |
| 9:04 | Create | Villager (Male) |
| 9:11 | Build | House |
| 9:21 | Create | Villager (Male) |
| 9:41 | Create | Fishing Ship |
| 9:46 | Build | House |
| 9:55 | Create | Fishing Ship |
| 9:55 | Create | Fishing Ship |
| 9:56 | Create | Villager (Male) |
| 9:57 | Create | Villager (Male) |
| 10:18 | Create | Villager (Male) |
| 10:24 | Create | Villager (Male) |
| 10:26 | Create | Villager (Male) |
| 10:31 | Create | Villager (Male) |
| 10:35 | Create | Fishing Ship |
| 10:38 | Create | Fishing Ship |
| 10:45 | Build | Lumber Camp |
| 11:19 | Build | Mining Camp |
| 11:26 | Create | Fishing Ship |
| 11:26 | Create | Fishing Ship |
| 11:48 | Research | Feudal Age |
| 11:48 | Research | Feudal Age |
| 12:13 | Build | Mill |
| 12:53 | Create | Villager (Male) |
| 12:53 | Create | Villager (Male) |
| 14:00 | Age | Feudal Age |
| 14:01 | Build | Market |
| 14:04 | Build | Blacksmith |
| 14:10 | Build | Blacksmith |
| 14:11 | Build | House |
| 14:14 | Build | Palisade Wall |
| 14:18 | Research | Double-Bit Axe |
| 14:30 | Build | Mining Camp |
| 14:38 | Build | House |
| 14:49 | Research | Castle Age |
| 14:49 | Research | Castle Age |
| 14:54 | Create | Unit 2626 |
| 14:54 | Create | Unit 2626 |
| 14:56 | Research | Forging |
| 15:11 | Create | Unit 2626 |
| 15:18 | Create | Villager (Male) |
| 16:15 | Create | Fire Galley |
| 16:15 | Create | Fire Galley |
| 16:21 | Create | Unit 2626 |
| 16:39 | Create | Unit 2626 |
| 16:40 | Create | Villager (Male) |
| 16:50 | Research | Tech 906 |
| 16:53 | Create | Unit 2626 |
| 17:30 | Age | Castle Age |
| 17:41 | Build | Town Center |
| 17:57 | Create | Villager (Male) |
| 18:01 | Research | Bow Saw |
| 18:22 | Research | War Galley (upgrade) |
| 18:23 | Research | War Galley (upgrade) |
| 18:28 | Create | Villager (Male) |
| 18:38 | Create | Villager (Male) |
| 18:38 | Create | Villager (Male) |
| 18:53 | Create | Unit 2626 |
| 18:53 | Create | Unit 2626 |
| 19:00 | Create | Unit 2626 |
| 19:32 | Create | Villager (Male) |
| 19:37 | Create | Villager (Male) |
| 19:45 | Create | Villager (Male) |
| 19:49 | Build | Town Center |
| 19:50 | Create | Villager (Male) |
| 19:52 | Create | Villager (Male) |
| 19:55 | Create | Villager (Male) |
| 20:09 | Build | Castle |
| 20:11 | Create | Villager (Male) |
| 20:26 | Create | Villager (Male) |
| 20:36 | Research | Wheelbarrow |
| 20:39 | Create | Villager (Male) |
| 20:42 | Research | Stone Mining |
| 20:42 | Research | Gold Mining |
| 21:14 | Build | Dock |
| 21:15 | Create | Fishing Ship |
| 21:17 | Create | Villager (Male) |
| 21:17 | Create | Villager (Male) |
| 21:27 | Research | Gillnets |
| 21:29 | Create | Villager (Male) ×5 |
| 22:12 | Create | Villager (Male) |
| 22:13 | Create | Conquistador |
| 22:13 | Create | Conquistador |
| 22:24 | Create | Conquistador |
| 22:24 | Create | Conquistador |
| 22:35 | Build | Lumber Camp |
| 22:35 | Research | Horse Collar |
| 22:36 | Research | Horse Collar |
| 22:40 | Create | Fishing Ship |
| 22:40 | Create | Fishing Ship |
| 22:41 | Create | Villager (Male) |
| 22:43 | Create | Fishing Ship |
| 22:44 | Create | Villager (Male) |
| 22:45 | Create | Fishing Ship |
| 22:45 | Create | Fishing Ship |
| 22:53 | Build | Farm |
| 22:54 | Build | Farm |
| 22:54 | Build | Farm |
| 22:54 | Build | Farm |
| 22:54 | Build | Farm |
| 23:15 | Build | Lumber Camp |
| 23:18 | Create | Villager (Male) |
| 23:18 | Create | Villager (Male) |
| 23:24 | Build | Farm |
| 23:25 | Build | Farm |
| 23:25 | Build | Farm |
| 23:26 | Create | Villager (Male) |
| 23:29 | Create | Villager (Male) |
| 23:40 | Create | Villager (Male) |
Build order — pigpig_aoe
First 150 of 240 actions detected
| 0:09 | Build | Town Center |
| 1:08 | Build | Dock |
| 1:14 | Build | Palisade Wall |
| 2:08 | Build | House |
| 2:29 | Create | Villager (Male) |
| 2:30 | Create | Villager (Male) |
| 2:30 | Create | Villager (Male) |
| 2:30 | Create | Villager (Male) |
| 2:30 | Create | Villager (Male) |
| 3:30 | Build | House |
| 3:52 | Create | Villager (Male) |
| 4:28 | Research | Loom |
| 4:38 | Build | House |
| 4:49 | Create | Villager (Male) |
| 4:50 | Create | Fishing Ship |
| 5:19 | Create | Villager (Male) |
| 5:20 | Create | Villager (Male) |
| 5:45 | Create | Villager (Male) |
| 5:45 | Create | Villager (Male) |
| 5:45 | Create | Villager (Male) |
| 5:49 | Create | Fishing Ship |
| 5:56 | Build | House |
| 6:29 | Create | Villager (Male) |
| 6:30 | Create | Villager (Male) |
| 6:36 | Create | Villager (Male) |
| 6:36 | Create | Villager (Male) |
| 6:48 | Create | Fishing Ship |
| 7:13 | Create | Villager (Male) |
| 7:22 | Build | House |
| 7:24 | Create | Fishing Ship |
| 7:27 | Create | Villager (Male) |
| 7:46 | Create | Villager (Male) |
| 8:03 | Create | Villager (Male) |
| 8:07 | Build | Lumber Camp |
| 8:33 | Create | Villager (Male) |
| 9:01 | Create | Fishing Ship |
| 9:13 | Create | Villager (Male) |
| 9:14 | Build | House |
| 9:27 | Build | House |
| 9:39 | Create | Villager (Male) |
| 9:59 | Create | Villager (Male) |
| 10:05 | Build | Mining Camp |
| 10:33 | Research | Feudal Age |
| 10:34 | Create | Villager (Male) |
| 10:49 | Build | Mill |
| 11:07 | Build | House |
| 11:48 | Build | Barracks |
| 12:24 | Create | Villager (Male) |
| 12:50 | Age | Feudal Age |
| 13:02 | Build | Stable |
| 13:38 | Build | House |
| 13:50 | Build | House |
| 14:00 | Create | Villager (Male) |
| 14:09 | Create | Villager (Male) |
| 14:13 | Build | Blacksmith |
| 14:39 | Create | Scout Cavalry |
| 14:39 | Create | Scout Cavalry |
| 14:47 | Create | Villager (Male) |
| 14:51 | Build | Mining Camp |
| 15:12 | Create | Villager (Male) |
| 15:30 | Research | Double-Bit Axe |
| 15:35 | Research | Castle Age |
| 15:35 | Research | Castle Age |
| 15:43 | Create | Scout Cavalry |
| 15:47 | Build | Farm |
| 15:55 | Build | Farm |
| 15:59 | Build | Mill |
| 16:30 | Build | House |
| 17:18 | Build | Farm |
| 17:18 | Build | Farm |
| 17:19 | Create | Villager (Male) |
| 17:42 | Research | Bloodlines |
| 18:14 | Build | Stable |
| 18:19 | Create | Villager (Male) |
| 18:20 | Age | Castle Age |
| 18:23 | Research | Scale Barding Armor |
| 18:25 | Create | Steppe Lancer |
| 18:25 | Create | Steppe Lancer |
| 18:34 | Build | Farm |
| 18:35 | Build | Farm |
| 18:44 | Research | Bow Saw |
| 18:45 | Create | Villager (Male) |
| 18:59 | Create | Steppe Lancer |
| 19:01 | Build | Farm |
| 19:02 | Build | Farm |
| 19:10 | Create | Steppe Lancer |
| 19:11 | Create | Villager (Male) |
| 19:26 | Build | Farm |
| 19:29 | Research | Husbandry |
| 19:29 | Research | Husbandry |
| 19:34 | Build | Farm |
| 19:37 | Create | Villager (Male) |
| 19:56 | Build | Farm |
| 19:57 | Research | Horse Collar |
| 19:58 | Research | Horse Collar |
| 20:18 | Create | Villager (Male) |
| 20:48 | Create | Villager (Male) |
| 20:49 | Create | Steppe Lancer |
| 20:49 | Create | Steppe Lancer |
| 21:06 | Build | Town Center |
| 21:09 | Create | Villager (Male) |
| 21:10 | Create | Steppe Lancer |
| 21:10 | Create | Steppe Lancer |
| 21:20 | Create | Villager (Male) |
| 21:39 | Create | Steppe Lancer |
| 21:52 | Build | House |
| 21:52 | Build | House |
| 22:00 | Create | Steppe Lancer |
| 22:00 | Create | Steppe Lancer |
| 22:20 | Build | Farm |
| 22:21 | Build | Farm |
| 22:21 | Create | Villager (Male) |
| 22:49 | Build | Farm |
| 22:49 | Build | Farm |
| 22:50 | Create | Villager (Male) |
| 22:51 | Create | Steppe Lancer |
| 22:51 | Create | Steppe Lancer |
| 23:02 | Build | House |
| 23:10 | Create | Villager (Male) |
| 23:29 | Build | Lumber Camp |
| 23:31 | Create | Villager (Male) |
| 23:32 | Create | Villager (Male) |
| 23:45 | Create | Villager (Male) |
| 23:59 | Create | Villager (Male) |
| 24:06 | Build | Farm |
| 24:08 | Build | Farm |
| 24:16 | Create | Villager (Male) |
| 24:21 | Create | Steppe Lancer |
| 24:22 | Create | Steppe Lancer |
| 24:37 | Build | Market |
| 24:46 | Create | Steppe Lancer |
| 24:47 | Create | Steppe Lancer |
| 24:47 | Create | Villager (Male) |
| 24:51 | Build | House |
| 24:51 | Build | House |
| 24:57 | Create | Villager (Male) |
| 24:57 | Create | Villager (Male) |
| 25:02 | Build | Farm |
| 25:22 | Create | Villager (Male) |
| 25:42 | Create | Villager (Male) |
| 25:43 | Create | Villager (Male) |
| 25:51 | Build | Town Center |
| 25:58 | Build | House |
| 25:58 | Build | House |
| 26:07 | Create | Villager (Male) |
| 26:08 | Create | Villager (Male) |
| 26:08 | Create | Steppe Lancer |
| 26:09 | Create | Steppe Lancer |
| 26:13 | Build | Farm |
| 26:14 | Build | Farm |
Build order — 默默默默默
First 150 of 220 actions detected
| 0:15 | Build | Town Center |
| 0:25 | Build | House |
| 1:34 | Build | Dock |
| 2:32 | Create | Villager (Male) |
| 2:32 | Create | Villager (Male) |
| 3:00 | Create | Villager (Male) |
| 3:00 | Create | Villager (Male) |
| 3:51 | Research | Loom |
| 3:51 | Create | Villager (Male) |
| 3:51 | Create | Villager (Male) |
| 3:55 | Build | House |
| 4:04 | Build | House |
| 4:14 | Build | House |
| 4:21 | Create | Villager (Male) |
| 4:22 | Create | Villager (Male) |
| 4:24 | Create | Fishing Ship |
| 4:24 | Create | Fishing Ship |
| 4:53 | Create | Fishing Ship |
| 4:53 | Create | Fishing Ship |
| 5:12 | Build | House |
| 5:20 | Create | Villager (Male) |
| 5:20 | Create | Villager (Male) |
| 5:43 | Create | Fishing Ship |
| 5:43 | Create | Fishing Ship |
| 5:50 | Create | Villager (Male) |
| 5:50 | Create | Villager (Male) |
| 5:59 | Build | House |
| 6:19 | Create | Villager (Male) |
| 6:19 | Create | Villager (Male) |
| 6:47 | Create | Villager (Male) |
| 6:47 | Create | Villager (Male) |
| 6:56 | Create | Fishing Ship |
| 6:56 | Create | Fishing Ship |
| 7:09 | Create | Villager (Male) |
| 7:10 | Create | Villager (Male) |
| 7:37 | Create | Villager (Male) |
| 7:37 | Create | Villager (Male) |
| 7:43 | Create | Fishing Ship |
| 7:46 | Build | House |
| 8:09 | Create | Villager (Male) |
| 8:09 | Create | Villager (Male) |
| 8:10 | Create | Villager (Male) |
| 8:23 | Create | Fishing Ship |
| 8:23 | Create | Fishing Ship |
| 8:27 | Create | Villager (Male) |
| 8:28 | Create | Villager (Male) |
| 8:44 | Create | Villager (Male) |
| 8:44 | Create | Villager (Male) |
| 9:04 | Create | Villager (Male) |
| 9:04 | Create | Villager (Male) |
| 9:08 | Create | Fishing Ship |
| 9:09 | Create | Fishing Ship |
| 9:35 | Build | Mining Camp |
| 9:38 | Build | Mining Camp |
| 10:22 | Research | Feudal Age |
| 10:23 | Research | Feudal Age |
| 11:04 | Build | Barracks |
| 11:24 | Build | Outpost |
| 11:28 | Build | Outpost |
| 11:31 | Build | Outpost |
| 11:37 | Create | Militia |
| 11:38 | Create | Militia |
| 11:38 | Create | Militia |
| 11:39 | Build | House |
| 11:44 | Build | Outpost |
| 11:59 | Build | Outpost |
| 12:32 | Age | Feudal Age |
| 12:34 | Create | Militia |
| 12:38 | Build | Watch Tower |
| 12:45 | Research | Town Watch |
| 12:47 | Build | House |
| 12:53 | Build | House |
| 12:58 | Build | Palisade Wall |
| 12:59 | Build | Palisade Wall |
| 13:22 | Create | Militia |
| 13:22 | Create | Militia |
| 13:27 | Build | Outpost |
| 13:32 | Create | Villager (Male) |
| 13:32 | Create | Villager (Male) |
| 13:38 | Build | Archery Range |
| 14:08 | Create | Villager (Male) |
| 14:08 | Create | Villager (Male) |
| 14:22 | Build | Stone Wall |
| 14:22 | Build | Stone Wall |
| 14:23 | Build | Stone Wall |
| 14:31 | Create | Villager (Male) |
| 14:47 | Build | Outpost |
| 14:56 | Create | Militia |
| 14:57 | Create | Militia |
| 15:09 | Build | Blacksmith |
| 15:37 | Create | Militia |
| 15:40 | Build | Watch Tower |
| 16:01 | Research | Fletching |
| 16:01 | Research | Fletching |
| 16:18 | Build | Stone Wall |
| 16:19 | Build | Stone Wall |
| 16:20 | Build | Stone Wall |
| 16:20 | Build | Stone Wall |
| 16:21 | Build | Stone Wall |
| 16:29 | Create | Archer |
| 16:29 | Create | Archer |
| 16:34 | Create | Villager (Male) |
| 16:35 | Create | Villager (Male) |
| 17:20 | Create | Archer |
| 17:20 | Create | Archer |
| 17:55 | Build | Stone Wall |
| 17:55 | Build | Stone Wall |
| 18:09 | Create | Villager (Male) |
| 18:09 | Create | Villager (Male) |
| 18:26 | Build | Stone Wall |
| 18:47 | Build | Mill |
| 19:06 | Create | Villager (Male) |
| 19:07 | Create | Villager (Male) |
| 19:10 | Create | Villager (Male) |
| 19:11 | Create | Villager (Male) |
| 19:13 | Build | Mill |
| 19:28 | Build | House |
| 19:29 | Build | House |
| 19:40 | Build | House |
| 19:44 | Build | House |
| 19:46 | Build | House |
| 20:09 | Build | House |
| 20:18 | Create | Villager (Male) |
| 20:18 | Create | Villager (Male) |
| 20:27 | Create | Villager (Male) |
| 20:44 | Create | Villager (Male) |
| 20:44 | Create | Villager (Male) |
| 21:50 | Build | Lumber Camp |
| 22:27 | Build | Gate |
| 22:29 | Build | Gate |
| 22:43 | Build | Gate |
| 23:02 | Create | Villager (Male) |
| 23:07 | Research | Castle Age |
| 23:07 | Research | Castle Age |
| 24:32 | Build | Mining Camp |
| 24:42 | Create | Villager (Male) |
| 24:43 | Create | Villager (Male) |
| 25:12 | Create | Spearman |
| 25:12 | Create | Spearman |
| 25:12 | Create | Spearman |
| 25:12 | Create | Spearman |
| 25:22 | Build | Market |
| 25:38 | Build | Stone Wall |
| 25:43 | Research | Gold Mining |
| 25:43 | Research | Gold Mining |
| 25:44 | Research | Stone Mining |
| 25:45 | Research | Stone Mining |
| 25:47 | Age | Castle Age |
| 25:56 | Build | Outpost |
| 26:17 | Build | Krepost |
Build order — hanson013
First 150 of 238 actions detected
| 0:10 | Build | Town Center |
| 0:26 | Build | House |
| 0:28 | Build | Dock |
| 2:35 | Create | Villager (Male) ×4 |
| 2:35 | Create | Villager (Male) ×4 |
| 3:37 | Create | Villager (Male) |
| 3:38 | Create | Villager (Male) |
| 4:05 | Create | Fishing Ship |
| 4:05 | Create | Fishing Ship |
| 4:05 | Create | Fishing Ship |
| 4:25 | Build | House |
| 4:42 | Create | Villager (Male) |
| 4:42 | Create | Villager (Male) |
| 4:42 | Create | Villager (Male) |
| 5:11 | Create | Villager (Male) |
| 5:32 | Create | Villager (Male) |
| 5:32 | Create | Villager (Male) |
| 5:34 | Create | Fishing Ship |
| 5:34 | Create | Fishing Ship |
| 5:54 | Create | Villager (Male) |
| 5:55 | Create | Villager (Male) |
| 6:04 | Build | House |
| 6:21 | Create | Villager (Male) |
| 6:21 | Create | Villager (Male) |
| 6:31 | Create | Fishing Ship |
| 6:31 | Create | Fishing Ship |
| 6:44 | Create | Villager (Male) |
| 6:44 | Create | Villager (Male) |
| 6:44 | Create | Villager (Male) |
| 6:54 | Build | House |
| 7:21 | Create | Villager (Male) |
| 7:23 | Create | Fishing Ship |
| 7:24 | Create | Fishing Ship |
| 7:33 | Create | Villager (Male) |
| 7:33 | Create | Villager (Male) |
| 7:56 | Create | Fishing Ship |
| 7:59 | Build | House |
| 8:12 | Create | Villager (Male) |
| 8:12 | Create | Villager (Male) |
| 8:12 | Create | Villager (Male) |
| 8:38 | Build | Palisade Wall |
| 8:40 | Create | Fishing Ship |
| 8:40 | Create | Villager (Male) |
| 9:13 | Build | Palisade Wall |
| 9:29 | Build | Mill |
| 9:32 | Create | Villager (Male) |
| 9:51 | Create | Fishing Ship |
| 10:22 | Research | Feudal Age |
| 10:27 | Build | Mining Camp |
| 11:28 | Create | Villager (Male) |
| 12:26 | Build | Palisade Wall |
| 12:27 | Build | Palisade Wall |
| 12:32 | Age | Feudal Age |
| 12:39 | Build | Market |
| 12:58 | Build | Blacksmith |
| 12:58 | Create | Villager (Male) |
| 13:32 | Build | Mining Camp |
| 13:44 | Research | Castle Age |
| 13:44 | Research | Castle Age |
| 14:19 | Build | Palisade Wall |
| 14:28 | Build | Palisade Wall |
| 14:58 | Build | House |
| 15:20 | Build | Palisade Wall |
| 15:28 | Build | Lumber Camp |
| 16:17 | Research | Loom |
| 16:24 | Age | Castle Age |
| 16:34 | Build | Castle |
| 16:39 | Build | Palisade Wall |
| 16:44 | Build | Castle |
| 16:54 | Create | Villager (Male) |
| 16:54 | Create | Villager (Male) |
| 16:54 | Create | Villager (Male) |
| 16:54 | Create | Villager (Male) |
| 17:02 | Build | House |
| 17:19 | Research | Fletching |
| 17:38 | Build | Lumber Camp |
| 17:43 | Create | Villager (Male) |
| 17:51 | Research | Double-Bit Axe |
| 18:11 | Create | War Wagon |
| 18:11 | Create | War Wagon |
| 18:11 | Create | War Wagon |
| 18:17 | Create | Villager (Male) |
| 18:17 | Create | Villager (Male) |
| 18:35 | Build | Palisade Wall |
| 18:39 | Create | War Wagon |
| 18:39 | Create | War Wagon |
| 18:39 | Create | War Wagon |
| 18:47 | Build | Palisade Wall |
| 18:52 | Build | Stone Wall |
| 18:58 | Build | Stone Wall |
| 19:04 | Build | Stone Wall |
| 19:08 | Create | War Wagon |
| 19:12 | Create | Villager (Male) |
| 19:30 | Build | University |
| 19:41 | Create | War Wagon |
| 19:41 | Create | War Wagon |
| 19:41 | Create | War Wagon |
| 20:06 | Create | Villager (Male) |
| 20:07 | Create | War Wagon |
| 20:08 | Create | Villager (Male) |
| 20:52 | Build | Stone Wall |
| 20:58 | Create | War Wagon |
| 21:11 | Research | Wheelbarrow |
| 21:24 | Build | House |
| 21:30 | Build | House |
| 21:34 | Build | House |
| 21:36 | Build | Palisade Wall |
| 21:49 | Create | Villager (Male) |
| 21:49 | Create | Villager (Male) |
| 21:58 | Build | Stone Wall |
| 22:10 | Create | Petard |
| 22:27 | Create | Villager (Male) |
| 22:54 | Create | War Wagon |
| 23:19 | Build | House |
| 23:20 | Build | House |
| 23:32 | Build | Lumber Camp |
| 23:33 | Create | Villager (Male) |
| 23:35 | Create | War Wagon |
| 23:44 | Build | Siege Workshop |
| 23:45 | Create | Villager (Male) |
| 24:06 | Create | Villager (Male) |
| 24:31 | Create | Scorpion |
| 24:31 | Create | Scorpion |
| 24:36 | Create | Villager (Male) |
| 24:46 | Create | War Wagon |
| 24:46 | Create | War Wagon |
| 24:51 | Build | House |
| 25:25 | Create | Villager (Male) |
| 25:38 | Create | Scorpion |
| 25:39 | Create | Villager (Male) |
| 25:49 | Build | Town Center |
| 26:08 | Create | Scorpion |
| 26:20 | Create | Scorpion |
| 26:37 | Create | Villager (Male) |
| 26:59 | Create | Fishing Ship |
| 27:00 | Create | Fishing Ship |
| 27:05 | Build | Dock |
| 27:13 | Create | Villager (Male) |
| 27:26 | Research | Tech 906 |
| 27:27 | Create | Fishing Ship |
| 27:27 | Create | Fishing Ship |
| 27:56 | Create | War Wagon |
| 27:56 | Create | War Wagon |
| 28:08 | Create | Battering Ram |
| 28:08 | Create | Battering Ram |
| 28:24 | Create | Villager (Male) |
| 28:26 | Create | Fishing Ship |
| 28:42 | Create | Fishing Ship |
| 28:42 | Create | Fishing Ship |
| 28:44 | Create | Villager (Male) |
Build order — DugTheDog
First 150 of 186 actions detected
| 0:11 | Build | Town Center |
| 1:07 | Build | Dock |
| 1:07 | Build | House |
| 2:31 | Create | Villager (Male) |
| 2:32 | Create | Villager (Male) |
| 2:32 | Create | Villager (Male) |
| 2:32 | Create | Villager (Male) |
| 2:32 | Create | Villager (Male) |
| 3:30 | Create | Fishing Ship |
| 3:30 | Create | Fishing Ship |
| 4:00 | Build | House |
| 4:09 | Research | Loom |
| 4:38 | Create | Villager (Male) |
| 4:38 | Create | Villager (Male) |
| 5:02 | Create | Villager (Male) |
| 5:02 | Create | Villager (Male) |
| 5:03 | Create | Fishing Ship |
| 5:03 | Create | Fishing Ship |
| 5:31 | Create | Villager (Male) |
| 5:32 | Create | Villager (Male) |
| 5:50 | Create | Villager (Male) |
| 5:50 | Create | Villager (Male) |
| 5:56 | Build | House |
| 6:03 | Create | Villager (Male) |
| 6:30 | Create | Fishing Ship |
| 6:31 | Create | Fishing Ship |
| 6:34 | Create | Villager (Male) |
| 6:35 | Create | Villager (Male) |
| 6:49 | Create | Villager (Male) |
| 6:50 | Create | Villager (Male) |
| 7:10 | Build | House |
| 7:15 | Create | Fishing Ship |
| 7:15 | Create | Fishing Ship |
| 7:30 | Create | Villager (Male) |
| 7:39 | Build | House |
| 7:41 | Create | Villager (Male) |
| 8:04 | Create | Fishing Ship |
| 8:06 | Create | Villager (Male) |
| 8:28 | Create | Villager (Male) |
| 8:39 | Build | House |
| 8:53 | Create | Fishing Ship |
| 8:55 | Create | Villager (Male) |
| 9:26 | Create | Villager (Male) |
| 9:30 | Build | Settlement |
| 9:43 | Create | Villager (Male) |
| 10:14 | Create | Villager (Male) |
| 10:35 | Build | Dock |
| 10:39 | Create | Villager (Male) |
| 11:18 | Build | House |
| 11:35 | Create | Fishing Ship |
| 11:41 | Research | Feudal Age |
| 11:47 | Build | House |
| 11:56 | Build | Settlement |
| 12:59 | Build | Barracks |
| 13:06 | Build | Barracks |
| 13:40 | Create | Fishing Ship |
| 13:40 | Create | Fishing Ship |
| 13:50 | Age | Feudal Age |
| 13:53 | Build | Archery Range |
| 13:56 | Build | Blacksmith |
| 13:59 | Create | Villager (Male) |
| 14:00 | Create | Villager (Male) |
| 14:49 | Research | Castle Age |
| 14:49 | Research | Castle Age |
| 14:56 | Research | Horse Collar |
| 14:57 | Research | Horse Collar |
| 14:59 | Research | Double-Bit Axe |
| 14:59 | Research | Double-Bit Axe |
| 15:05 | Build | Archery Range |
| 15:41 | Research | Horse Collar |
| 15:44 | Research | Tech 906 |
| 15:44 | Research | Tech 906 |
| 15:46 | Research | Fletching |
| 15:47 | Research | Fletching |
| 16:08 | Build | Archery Range |
| 16:21 | Build | House |
| 16:26 | Research | Padded Archer Armor |
| 17:14 | Build | Settlement |
| 17:29 | Age | Castle Age |
| 17:31 | Create | Petard |
| 17:32 | Create | Petard |
| 17:32 | Create | Petard |
| 17:36 | Create | Bolas Rider |
| 17:36 | Create | Bolas Rider |
| 17:36 | Create | Bolas Rider |
| 17:38 | Research | Bodkin Arrow |
| 17:39 | Create | Villager (Male) |
| 17:39 | Create | Villager (Male) |
| 18:06 | Create | Bolas Rider |
| 18:06 | Create | Bolas Rider |
| 18:06 | Create | Bolas Rider |
| 18:21 | Create | Bolas Rider |
| 18:21 | Create | Bolas Rider |
| 18:32 | Create | Bolas Rider |
| 18:32 | Create | Bolas Rider |
| 18:32 | Create | Bolas Rider |
| 18:33 | Create | Villager (Male) |
| 18:33 | Create | Villager (Male) |
| 18:34 | Create | Villager (Male) |
| 18:50 | Create | Bolas Rider |
| 18:50 | Create | Bolas Rider |
| 18:53 | Create | Skirmisher |
| 18:54 | Create | Skirmisher |
| 18:58 | Research | Bow Saw |
| 18:58 | Research | Bow Saw |
| 19:00 | Create | Bolas Rider |
| 19:00 | Create | Bolas Rider |
| 19:11 | Create | Villager (Male) |
| 19:16 | Create | Bolas Rider |
| 19:17 | Create | Bolas Rider |
| 19:32 | Create | Bolas Rider |
| 19:33 | Create | Bolas Rider |
| 19:47 | Create | Bolas Rider |
| 19:47 | Create | Bolas Rider |
| 19:54 | Build | House |
| 19:54 | Build | House |
| 19:59 | Create | Bolas Rider |
| 20:05 | Create | Villager (Male) |
| 20:20 | Research | Leather Archer Armor |
| 20:20 | Research | Leather Archer Armor |
| 20:34 | Create | Fire Galley |
| 20:35 | Create | Fire Galley |
| 21:02 | Create | Bolas Rider |
| 21:02 | Create | Bolas Rider |
| 21:03 | Create | Bolas Rider |
| 21:03 | Create | Bolas Rider |
| 21:06 | Build | House |
| 21:22 | Create | Bolas Rider |
| 21:22 | Create | Bolas Rider |
| 21:27 | Build | House |
| 21:45 | Build | Town Center |
| 21:49 | Create | Bolas Rider |
| 21:49 | Create | Bolas Rider |
| 22:10 | Create | Bolas Rider |
| 22:11 | Create | Bolas Rider |
| 22:11 | Create | Bolas Rider |
| 22:33 | Create | Bolas Rider |
| 22:33 | Create | Bolas Rider |
| 22:34 | Create | Bolas Rider |
| 22:55 | Create | Villager (Male) |
| 23:15 | Create | Villager (Male) |
| 23:42 | Create | Bolas Rider |
| 23:42 | Create | Bolas Rider |
| 23:43 | Create | Villager (Male) |
| 23:45 | Build | House |
| 23:45 | Build | House |
| 24:18 | Build | Town Center |
| 24:23 | Research | Gillnets |
| 24:25 | Create | Villager (Male) |
| 25:02 | Create | Villager (Male) |
Build order — 甜心包
First 150 of 187 actions detected
| 0:06 | Build | Town Center |
| 0:29 | Build | Dock |
| 0:45 | Build | House |
| 0:47 | Build | Palisade Wall |
| 2:30 | Create | Villager (Male) |
| 2:30 | Create | Villager (Male) |
| 2:31 | Create | Villager (Male) |
| 2:31 | Create | Villager (Male) |
| 2:31 | Create | Villager (Male) |
| 3:03 | Build | Palisade Wall |
| 3:11 | Create | Villager (Male) |
| 3:11 | Create | Villager (Male) |
| 3:42 | Create | Fishing Ship |
| 4:26 | Build | House |
| 4:31 | Create | Villager (Male) |
| 4:32 | Create | Villager (Male) |
| 4:32 | Create | Villager (Male) |
| 5:05 | Build | House |
| 5:10 | Build | Palisade Wall |
| 5:10 | Build | Palisade Wall |
| 5:15 | Create | Villager (Male) |
| 5:15 | Create | Villager (Male) |
| 5:43 | Create | Villager (Male) |
| 5:44 | Create | Villager (Male) |
| 6:07 | Create | Villager (Male) |
| 6:08 | Create | Villager (Male) |
| 6:09 | Create | Villager (Male) |
| 6:17 | Create | Fishing Ship |
| 6:37 | Create | Fishing Ship |
| 7:00 | Create | Villager (Male) |
| 7:10 | Create | Villager (Male) |
| 7:11 | Create | Villager (Male) |
| 7:32 | Build | Settlement |
| 7:41 | Create | Villager (Male) |
| 7:59 | Create | Villager (Male) |
| 8:27 | Create | Villager (Male) |
| 8:32 | Create | Fishing Ship |
| 8:40 | Build | House |
| 8:52 | Build | House |
| 8:55 | Create | Villager (Male) |
| 9:02 | Create | Fishing Ship |
| 9:14 | Create | Villager (Male) |
| 9:28 | Build | House |
| 9:37 | Create | Fishing Ship |
| 9:59 | Research | Loom |
| 10:27 | Create | Fishing Ship |
| 10:41 | Research | Feudal Age |
| 10:59 | Build | Palisade Wall |
| 11:35 | Build | Palisade Wall |
| 11:59 | Build | Palisade Wall |
| 12:09 | Build | Palisade Wall |
| 12:20 | Create | Villager (Male) |
| 12:31 | Create | Villager (Male) |
| 12:51 | Age | Feudal Age |
| 12:55 | Build | Market |
| 12:57 | Build | Blacksmith |
| 13:56 | Research | Castle Age |
| 14:31 | Build | Settlement |
| 14:47 | Research | Double-Bit Axe |
| 15:46 | Create | Villager (Male) |
| 16:36 | Age | Castle Age |
| 16:47 | Build | Castle |
| 16:52 | Create | Villager (Male) |
| 17:09 | Build | Palisade Wall |
| 17:24 | Build | Palisade Wall |
| 17:28 | Build | House |
| 17:36 | Create | Villager (Male) |
| 17:39 | Research | Fletching |
| 17:48 | Create | Unit 2579 |
| 17:48 | Create | Unit 2579 |
| 17:50 | Build | Siege Workshop |
| 17:57 | Build | House |
| 17:59 | Create | Villager (Male) |
| 18:05 | Create | Villager (Male) |
| 18:09 | Create | Unit 2579 |
| 18:10 | Create | Unit 2579 |
| 18:16 | Create | Villager (Male) |
| 18:35 | Create | Unit 2579 |
| 18:36 | Create | Unit 2579 |
| 18:37 | Create | Villager (Male) |
| 18:54 | Create | Villager (Male) |
| 18:59 | Build | Palisade Wall |
| 19:04 | Build | Palisade Wall |
| 19:05 | Build | Palisade Wall |
| 19:09 | Create | Villager (Male) |
| 19:20 | Build | Settlement |
| 19:31 | Build | Palisade Gate |
| 19:33 | Research | Gold Mining |
| 20:19 | Create | Villager (Male) |
| 20:26 | Create | Unit 2579 |
| 20:26 | Create | Unit 2579 |
| 20:42 | Create | Unit 2579 |
| 20:49 | Create | Villager (Male) |
| 21:12 | Research | Bodkin Arrow |
| 21:34 | Create | Unit 2579 |
| 21:34 | Create | Unit 2579 |
| 21:36 | Create | Villager (Male) |
| 22:01 | Build | Stone Wall |
| 22:05 | Create | Unit 2579 |
| 22:05 | Create | Unit 2579 |
| 22:17 | Create | Villager (Male) |
| 22:22 | Create | Unit 2579 |
| 22:25 | Build | Farm |
| 22:25 | Build | Farm |
| 22:27 | Build | Farm |
| 22:28 | Build | Farm |
| 22:28 | Build | Farm |
| 22:48 | Create | Unit 2579 |
| 22:48 | Create | Unit 2579 |
| 23:01 | Create | Unit 2579 |
| 23:35 | Create | Unit 2579 |
| 23:35 | Create | Unit 2579 |
| 23:51 | Build | Stone Wall |
| 23:55 | Create | Villager (Male) |
| 24:00 | Create | Mangonel |
| 24:09 | Create | Villager (Male) |
| 24:16 | Create | Unit 2579 |
| 24:37 | Build | Palisade Gate |
| 24:42 | Build | House |
| 24:49 | Create | Unit 2579 |
| 25:28 | Create | Villager (Male) |
| 25:39 | Create | Villager (Male) |
| 26:28 | Create | Villager (Male) |
| 26:32 | Create | Mangonel |
| 26:41 | Build | Settlement |
| 26:57 | Create | Villager (Male) |
| 26:58 | Create | Villager (Male) |
| 27:20 | Create | Villager (Male) |
| 27:49 | Create | Villager (Male) |
| 28:09 | Create | Unit 2579 |
| 28:16 | Build | Palisade Wall |
| 28:40 | Build | Palisade Wall |
| 28:59 | Create | Villager (Male) |
| 29:08 | Create | Villager (Male) |
| 29:37 | Create | Villager (Male) |
| 30:40 | Create | Villager (Male) |
| 30:55 | Create | Villager (Male) |
| 31:08 | Build | Market |
| 31:14 | Build | Monastery |
| 31:16 | Create | Villager (Male) |
| 31:47 | Build | Dock |
| 31:58 | Build | Dock |
| 32:09 | Create | Villager (Male) |
| 32:09 | Create | Villager (Male) |
| 32:33 | Create | Monk |
| 32:42 | Create | Villager (Male) |
| 32:43 | Create | Villager (Male) |
| 32:48 | Build | Farm |
| 32:49 | Build | Farm |
| 32:52 | Build | Farm |
Match timeline
| 0:28 | hanson013 · first_building Dock |
| 0:29 | 甜心包 · first_building Dock |
| 0:46 | FUFU · first_building Dock |
| 0:47 | 甜心包 · wall_segment Palisade Wall x1 |
| 0:48 | 淫了天下濕了她 · first_building Dock |
| 0:54 | FUFU · wall_segment Palisade Wall x1 |
| 0:55 | FUFU · wall_segment Palisade Wall x1 |
| 0:58 | FUFU · wall_segment Palisade Wall x1 |
| 1:07 | DugTheDog · first_building Dock |
| 1:08 | pigpig_aoe · first_building Dock |
| 1:14 | pigpig_aoe · wall_segment Palisade Wall x1 |
| 1:34 | 默默默默默 · first_building Dock |
| 1:49 | Blood · first_building Dock |
| 3:03 | 甜心包 · wall_segment Palisade Wall x1 |
| 5:10 | 甜心包 · wall_segment Palisade Wall x1 |
| 5:10 | 甜心包 · wall_segment Palisade Wall x1 |
| 7:52 | Blood · wall_segment Palisade Wall x1 |
| 8:38 | hanson013 · wall_segment Palisade Wall x8 |
| 9:13 | hanson013 · wall_segment Palisade Wall x3 |
| 10:59 | 甜心包 · wall_segment Palisade Wall x1 |
| 11:04 | 默默默默默 · first_building Barracks |
| 11:35 | 甜心包 · wall_segment Palisade Wall x1 |
| 11:48 | pigpig_aoe · first_building Barracks |
| 11:59 | 甜心包 · wall_segment Palisade Wall x1 |
| 12:09 | 甜心包 · wall_segment Palisade Wall x1 |
| 12:26 | hanson013 · wall_segment Palisade Wall x10 |
| 12:27 | hanson013 · wall_segment Palisade Wall x1 |
| 12:32 | hanson013 · age_up feudal |
| 12:32 | 默默默默默 · age_up feudal |
| 12:50 | pigpig_aoe · age_up feudal |
| 12:51 | 甜心包 · age_up feudal |
| 12:58 | 默默默默默 · wall_segment Palisade Wall x1 |
| 12:59 | 默默默默默 · wall_segment Palisade Wall x1 |
| 12:59 | DugTheDog · first_building Barracks |
| 13:02 | pigpig_aoe · first_building Stable |
| 13:19 | 淫了天下濕了她 · wall_segment Palisade Wall x1 |
| 13:20 | 淫了天下濕了她 · wall_segment Palisade Wall x1 |
| 13:23 | Blood · wall_segment Palisade Wall x1 |
| 13:38 | 默默默默默 · first_building Archery Range |
| 13:42 | 淫了天下濕了她 · age_up feudal |
| 13:46 | 甜心包 · first_market_sell 100 wood |
| 13:47 | 甜心包 · first_market_buy 100 food |
| 13:50 | DugTheDog · age_up feudal |
| 13:52 | Blood · age_up feudal |
| 13:53 | DugTheDog · first_building Archery Range |
| 14:00 | FUFU · age_up feudal |
| 14:14 | FUFU · wall_segment Palisade Wall x11 |
| 14:19 | hanson013 · wall_segment Palisade Wall x6 |
| 14:22 | 默默默默默 · wall_segment Stone Wall x1 |
| 14:22 | 默默默默默 · wall_segment Stone Wall x1 |
| 14:23 | 默默默默默 · wall_segment Stone Wall x1 |
| 14:24 | 淫了天下濕了她 · wall_segment Palisade Wall x1 |
| 14:25 | 淫了天下濕了她 · wall_segment Palisade Wall x1 |
| 14:28 | hanson013 · wall_segment Palisade Wall x7 |
| 15:07 | 淫了天下濕了她 · first_building Barracks |
| 15:18 | Blood · wall_segment Palisade Wall x1 |
| 15:20 | hanson013 · wall_segment Palisade Wall x16 |
| 16:18 | 默默默默默 · wall_segment Stone Wall x1 |
| 16:19 | 默默默默默 · wall_segment Stone Wall x1 |
| 16:20 | 默默默默默 · wall_segment Stone Wall x1 |
| 16:20 | 默默默默默 · wall_segment Stone Wall x1 |
| 16:21 | 默默默默默 · wall_segment Stone Wall x1 |
| 16:24 | hanson013 · age_up castle |
| 16:34 | hanson013 · first_building Castle |
| 16:36 | 甜心包 · age_up castle |
| 16:39 | hanson013 · wall_segment Palisade Wall x1 |
| 16:47 | 甜心包 · first_building Castle |
| 17:09 | 甜心包 · wall_segment Palisade Wall x1 |
| 17:14 | Blood · first_market_buy 100 stone |
| 17:24 | 甜心包 · wall_segment Palisade Wall x1 |
| 17:25 | Blood · age_up castle |
| 17:29 | DugTheDog · age_up castle |
| 17:30 | FUFU · age_up castle |
| 17:36 | Blood · first_building Castle |
| 17:50 | 甜心包 · first_building Siege Workshop |
| 17:55 | 默默默默默 · wall_segment Stone Wall x1 |
| 17:55 | 默默默默默 · wall_segment Stone Wall x1 |
| 18:11 | Blood · first_market_sell 100 wood |
| 18:20 | pigpig_aoe · age_up castle |
| 18:26 | 默默默默默 · wall_segment Stone Wall x5 |
| 18:35 | hanson013 · wall_segment Palisade Wall x10 |
| 18:47 | hanson013 · wall_segment Palisade Wall x9 |
| 18:52 | hanson013 · wall_segment Stone Wall x3 |
| 18:58 | hanson013 · wall_segment Stone Wall x4 |
| 18:59 | 甜心包 · wall_segment Palisade Wall x1 |
| 19:04 | 甜心包 · wall_segment Palisade Wall x1 |
| 19:04 | hanson013 · wall_segment Stone Wall x5 |
| 19:05 | 甜心包 · wall_segment Palisade Wall x1 |
| 20:09 | FUFU · first_building Castle |
| 20:52 | hanson013 · wall_segment Stone Wall x6 |
| 21:09 | hanson013 · first_market_sell 100 wood |
| 21:25 | 淫了天下濕了她 · first_market_sell 100 wood |
| 21:36 | hanson013 · wall_segment Palisade Wall x1 |
| 21:58 | hanson013 · wall_segment Stone Wall x7 |
| 22:01 | 甜心包 · wall_segment Stone Wall x1 |
| 23:44 | hanson013 · first_building Siege Workshop |
| 23:51 | 甜心包 · wall_segment Stone Wall x1 |
| 24:06 | 淫了天下濕了她 · age_up castle |
| 24:37 | FUFU · wall_segment Stone Wall x8 |
| 24:43 | FUFU · wall_segment Stone Wall x4 |
| 24:47 | 淫了天下濕了她 · first_market_buy 100 stone |
| 25:38 | 默默默默默 · wall_segment Stone Wall x1 |
| 25:45 | hanson013 · first_market_buy 100 stone |
| 25:46 | pigpig_aoe · first_market_buy 100 wood |
| 25:47 | 默默默默默 · age_up castle |
| 25:55 | 默默默默默 · first_market_buy 100 wood |
| 26:17 | 默默默默默 · first_building Krepost |
| 26:37 | FUFU · wall_segment Stone Wall x11 |
| 27:19 | pigpig_aoe · first_building Siege Workshop |
| 27:34 | 默默默默默 · first_building Siege Workshop |
| 27:47 | FUFU · first_building Barracks |
| 28:12 | DugTheDog · first_building Castle |
| 28:16 | 甜心包 · wall_segment Palisade Wall x9 |
| 28:23 | FUFU · first_building Stable |
| 28:29 | Blood · first_building Siege Workshop |
| 28:40 | 甜心包 · wall_segment Palisade Wall x1 |
| 29:36 | DugTheDog · first_building Siege Workshop |
| 29:37 | FUFU · first_market_buy 100 food |
| 29:54 | pigpig_aoe · first_building Castle |
| 30:26 | FUFU · wall_segment Stone Wall x1 |
| 30:39 | FUFU · age_up imperial |
| 30:42 | 默默默默默 · wall_segment Stone Wall x1 |
| 31:14 | 甜心包 · first_building Monastery |
| 32:05 | 淫了天下濕了她 · first_building Siege Workshop |
| 32:22 | 淫了天下濕了她 · first_building Castle |
| 32:23 | DugTheDog · age_up imperial |
| 32:39 | 默默默默默 · first_market_sell 100 stone |
| 33:01 | FUFU · first_market_sell 500 stone |
| 35:16 | DugTheDog · wall_segment Stone Wall x9 |
| 35:53 | Blood · first_building Barracks |
| 36:01 | 默默默默默 · wall_segment Stone Wall x1 |
| 36:05 | 默默默默默 · wall_segment Stone Wall x4 |
| 36:07 | 默默默默默 · wall_segment Stone Wall x4 |
| 36:34 | hanson013 · first_building Barracks |
| 36:37 | Blood · first_building Archery Range |
| 36:37 | DugTheDog · resign |
[ AI ANALYSIS · 1 CREDIT ]
What really happened in this match?
Wolo.gg analyzes every decision: build order, eco, micro, common mistakes by bracket. Personalized analysis on WhatsApp or Discord in 30 seconds.
Civ guide
Maya
Map guide
Nomad
Perfil
Jugador #51405